 Dungeon Crawl Stone Soup version 0.25-a0-513-ge77a69270c (webtiles) character file.

Game seed: 11797839431720369351, levelgen mode: classic

14129 EnegeticOcto the Cleaver (level 11, -5/104 HPs)
             Began as a Deep Dwarf Fighter on Feb 16, 2020.
             Was a High Priest of Makhleb.
             Slain by a two-headed ogre
             ... wielding a +0 giant spiked club
              (8 damage)
             ... on level 2 of the Orcish Mines.
             The game lasted 00:07:08 (7357 turns).

EnegeticOcto the Cleaver (Deep Dwarf Fighter)       Turns: 7357, Time: 00:07:09

Health: -5/104     AC: 16    Str: 22    XL:     11   Next: 84%
Magic:  0/0        EV:  8    Int: 10    God:    Makhleb [*****.]
Gold:   748        SH: 12    Dex: 12    Spells: 10/10 levels left

rFire    . . .     SeeInvis .   a - +1 war axe
rCold    + . .     Gourm    .   c - +1 kite shield
rNeg     . . .     Faith    .   x - +0 plate armour
rPois    +         Spirit   .   y - +0 helmet
rElec    .         Reflect  .   t - +0 cloak
rCorr    .         Harm     .   (no gloves)
MR       +....                  (no boots)
Stlth    ..........             (no amulet)
HPRegen  0.00/turn              u - ring of poison resistance
MPRegen  0.07/turn              m - ring of protection from cold

@: non-regenerating
A: damage resistance, heal wounds, sense surroundings 2, no regeneration
a: Heal Wounds, Minor Destruction, Lesser Servant of Makhleb, Major Destruction,
Greater Servant of Makhleb, Renounce Religion


You were on level 2 of the Orcish Mines.
You worshipped Makhleb.
Makhleb was extremely pleased with you.
You were not hungry.

You visited 3 branches of the dungeon, and saw 14 of its levels.
You also visited: Ossuary.

You collected 748 gold pieces.

Inventory:

Hand Weapons
 a - a +1 war axe (weapon)
Armour
 c - a +1 kite shield (worn)
 t - a +0 cloak (worn)
 x - a +0 plate armour (worn)
 y - a +0 helmet (worn)
Jewellery
 m - a ring of protection from cold (right hand)
 u - a ring of poison resistance (left hand)
Wands
 w - a wand of polymorph (24)
Scrolls
 f - a scroll of enchant weapon
 h - 3 scrolls of remove curse {@r6}
 i - 6 scrolls of teleportation {@r2}
 n - 4 scrolls of fear
 o - a scroll of blinking {@r3}
 r - a scroll of enchant armour
 z - 3 scrolls of fog
 B - a scroll of identify {@r1}
 G - a scroll of holy word
Potions
 b - a potion of degeneration
 d - 5 potions of might {@q3}
 g - a potion of lignification {@q7}
 j - 2 potions of brilliance
 k - 2 potions of curing {@q1}
 l - 2 potions of agility {@q5}
 p - 2 potions of berserk rage
 q - a potion of resistance {@q6}
 s - 2 potions of heal wounds {@q2}
 A - 2 potions of flight
 D - 2 potions of cancellation {unknown}
Comestibles
 e - 9 rations
 v - 9 chunks of flesh


   Skills:
 * Level 8.6 Fighting
 * Level 10.7 Axes
 + Level 8.2 Armour
 + Level 7.3 Dodging
 + Level 8.2 Shields
 * Level 10.4 Invocations


You had 10 spell levels left.
You didn't know any spells.
Your spell library was empty.

Dungeon Overview and Level Annotations

Branches:
Dungeon (11/15)            Temple (1/1) D:6            Lair (0/6) D:11
    Orc (2/2) D:11        Ossuary (visited)
    Elf: Orc:2

Altars:
Ashenzari
Cheibriados
Dithmenos
Elyvilon
Hepliaklqana
Kikubaaqudgha
Makhleb
Nemelex Xobeh
Okawaru
Qazlal
Ru
Trog
Uskayaw
Vehumet
Wu Jian
Xom
Yredelemnul
The Shining One

Annotations:
D:9 3 runed translucent doors, Buagguej's ghost, novice DDFi; Poecishroyz's ghost, novice TrHu; Xangidu's ghost, journeyman GrEE


Innate Abilities, Weirdness & Mutations

You are resistant to damage.
You can heal yourself by infusing magical energy.
You passively map the area around you.
You do not regenerate.


Message History

You kill the orc wizard!
Makhleb accepts your kill.
You feel better.
You hit the orc warrior.
A two-headed ogre comes into view.
It is wielding a +0 giant spiked club and a +0 giant club.
You block the orc warrior's attack.
You slash the orc warrior!
The orc warrior is moderately wounded.
You hit the orc warrior but do no damage.
The orc warrior is moderately wounded.
You slash the orc!
You kill the orc!
Makhleb accepts your kill.
You feel better. You block the orc warrior's attack.
You hit the orc warrior but do no damage.
The orc warrior is moderately wounded.
You completely miss the orc.
The orc warrior hits you with a +0 dire flail!
The orc barely misses you.
Your magical essence is drained by the effort!
You feel much better. The orc warrior closely misses you.
The orc barely misses you.
You barely miss the orc warrior.
The orc warrior is moderately wounded.
You hit the orc. The orc warrior barely misses you. You block the orc's attack.
An ogre comes into view. It is wielding a +0 giant spiked club.
You barely miss the orc warrior.
The orc warrior is moderately wounded.
You hit the orc.
The orc warrior hits you but does no damage.
You block the orc's attack.
You slash the orc!
You kill the orc!
Makhleb accepts your kill.
You feel better.
You hit the orc warrior.
You completely miss the two-headed ogre.
The orc warrior closely misses you.
You block the two-headed ogre's attack. x2
You hit the orc warrior.
The orc warrior is heavily wounded.
You slash the two-headed ogre!
The orc warrior hits you but does no damage.
The two-headed ogre hits you with a +0 giant spiked club!
The two-headed ogre hits you with a cursed +0 giant club!
You barely miss the orc warrior.
The orc warrior is heavily wounded.
You hit the two-headed ogre. You block the orc warrior's attack.
You hit the orc warrior but do no damage.
The orc warrior is heavily wounded.
You hit the two-headed ogre. You block the two-headed ogre's attack.
The two-headed ogre hits you but does no damage.
The orc warrior closely misses you.
You closely miss the orc warrior.
The orc warrior is heavily wounded.
You completely miss the two-headed ogre.
The two-headed ogre hits you with a +0 giant spiked club!!
You block the two-headed ogre's attack. The orc warrior barely misses you.
You slash the orc warrior!
The orc warrior is almost dead.
You hit the two-headed ogre but do no damage.
You barely miss the orc warrior.
The orc warrior is almost dead.
You hit the two-headed ogre but do no damage.
You hit the ogre.
The orc warrior hits you with a +0 dire flail!
The two-headed ogre hits you with a +0 giant spiked club!!
* * * LOW HITPOINT WARNING * * *
You block the two-headed ogre's attack. You block the ogre's attack.
You are too injured to fight recklessly!
You are too injured to fight recklessly!
You are too injured to fight recklessly!
You are too injured to fight recklessly!
You are too injured to fight recklessly!
You are too injured to fight recklessly!
You are too injured to fight recklessly!
You don't have enough innate magic capacity.
You don't have enough innate magic capacity.
You are too injured to fight recklessly!
You are too injured to fight recklessly!
You are too injured to fight recklessly!
You are too injured to fight recklessly!
You are too injured to fight recklessly!
You are too injured to fight recklessly!
You are too injured to fight recklessly!
You are too injured to fight recklessly!
You are too injured to fight recklessly!
You don't have enough innate magic capacity.
You don't have enough innate magic capacity.
You slash the two-headed ogre!
The two-headed ogre is heavily wounded.
You barely miss the orc warrior. You hit the ogre.
You block the orc warrior's attack. You block the two-headed ogre's attack.
The two-headed ogre hits you with a cursed +0 giant club!
* * * LOW HITPOINT WARNING * * *
You hit the two-headed ogre.
The two-headed ogre is heavily wounded.
Your plate armour prevents you from hitting the ogre.
You barely miss the orc warrior. The ogre closely misses you.
The orc warrior hits you with a +0 dire flail!
* * * LOW HITPOINT WARNING * * *
The two-headed ogre hits you with a +0 giant spiked club!
You die...

, , ,, * * ,,
.........*....# **,
........##....# *
.............## *
**,
............#.## ,
,.........#....$# ,
,
,,..........$....##
, .......OO.......#
*
,.......o@......##
* ,
#......)..$.....#
,, ,
..........†.....#
,...............##
, ...........#...#
, ..............##
...............# *
..#.............# ,
...#.........##


You could see a two-headed ogre, an orc warrior and an ogre.

Vanquished Creatures
  Erica (D:10)
  2 two-headed ogres
  A manticore (D:11)
  An ugly thing (D:10)
  A cyclops (Orc:1)
  A centaur zombie (D:11)
  2 trolls
  6 slime creatures (D:10)
  4 hippogriffs
  A wyvern (D:8)
  6 yaks (D:11)
  4 vampire mosquitoes (D:11)
  Grum (D:11)
  2 hungry ghosts
  Menkaure (D:6)
  A warg (Orc:2)
  A water moccasin (D:10)
  A porcupine (D:11)
  Duvessa (D:7)
  2 ice beasts (D:9)
  4 sky beasts
  A black bear (D:5)
  12 orc warriors
  2 ogres
  5 centaurs
  2 wolves (D:11)
  2 crocodiles (D:11)
  2 elf zombies (D:8)
  5 bullfrogs
  Dowan (D:7)
  3 scorpions
  3 killer bees (D:7)
  7 wights (D:9)
  2 howler monkeys
  2 crimson imps
  2 bullfrog zombies
  12 orc priests
  6 hounds
  2 jellies
  3 bullfrog skeletons
  A gnoll shaman (D:9)
  16 orc wizards
  A centaur skeleton (D:4)
  Terence (D:2)
  2 human skeletons (D:8)
  6 worker ants
  2 big kobold zombies (Ossuary)
  A mummy (Ossuary)
  2 hound skeletons
  20 gnolls
  A worker ant zombie (D:6)
  7 adders
  2 howler monkey skeletons
  2 shadow imps
  2 oozes
  An adder skeleton (D:6)
  2 adder zombies
  7 worms
  A leopard gecko (D:7)
  63 orcs
  3 spectral bats (Ossuary)
  2 ball pythons
  6 giant cockroaches
  7 gnoll zombies (Ossuary)
  4 goblins
  3 hobgoblins
  4 jackals (D:7)
  2 quokkas
  3 bats
  5 goblin zombies (Ossuary)
  3 hobgoblin zombies (Ossuary)
  9 kobolds
  A kobold zombie (Ossuary)
  An orc skeleton (D:8)
  4 orc zombies
  A quokka skeleton (D:4)
  2 rats (D:1)
  3 spectral goblins (Ossuary)
  2 spectral kobolds (Ossuary)
  A spectral rat (Ossuary)
324 creatures vanquished.

Vanquished Creatures (others)
  An orc wizard (D:5)
  5 withered plants (D:9)
6 creatures vanquished.

Grand Total: 330 creatures vanquished

Notes
Turn   | Place    | Note
-------+----------+-------------------------------------------
     0 | D:1      | EnegeticOcto the Deep Dwarf Fighter began the quest for the
                  | Orb.
     0 | D:1      | Reached XP level 1. HP: 20/20 MP: 1/1
   147 | D:2      | Reached XP level 2. HP: 21/27 MP: 2/2
   192 | D:2      | Noticed Terence
   209 | D:2      | Killed Terence
   209 | D:2      | Reached skill level 1 in Dodging
   209 | D:2      | Reached XP level 3. HP: 33/34 MP: 3/3
   591 | D:4      | Reached XP level 4. HP: 30/42 MP: 3/3
   634 | D:4      | Reached XP level 5. HP: 46/49 MP: 4/4
   758 | D:5      | Entered Level 5 of the Dungeon
   818 | D:4      | Reached XP level 6. HP: 44/56 MP: 4/4
  1208 | D:5      | Reached skill level 5 in Axes
  1281 | D:5      | Reached XP level 7. HP: 30/63 MP: 5/5
  1683 | D:5      | Reached skill level 5 in Armour
  1683 | D:5      | Reached skill level 5 in Shields
  2048 | D:6      | Found a staircase to the Ecumenical Temple.
  2057 | Temple   | Entered the Ecumenical Temple
  2065 | Temple   | Became a worshipper of Makhleb the Destroyer
  2080 | D:6      | Reached XP level 8. HP: 64/73 MP: 3/3
  2095 | D:6      | Reached skill level 1 in Invocations
  2277 | D:6      | Found a shattered altar of Ashenzari.
  2329 | D:6      | Found an iron altar of Okawaru.
  2633 | D:6      | Noticed Menkaure
  2647 | D:6      | Killed Menkaure
  2928 | D:7      | Noticed Duvessa
  2936 | D:7      | Noticed Dowan
  2937 | D:7      | Reached skill level 5 in Fighting
  2960 | D:7      | Killed Duvessa
  2963 | D:7      | Killed Dowan
  2987 | D:7      | Reached * piety under Makhleb
  3026 | D:7      | Found a white marble altar of Elyvilon.
  3109 | D:7      | Gained mutation: You passively map the area around you.
                  | [Deep Dwarf growth]
  3109 | D:7      | Reached XP level 9. HP: 63/81 MP: 5/5
  3132 | D:7      | Found an ornate altar of the Wu Jian Council.
  3151 | D:7      | Found a sparkling altar of Nemelex Xobeh.
  3700 | D:8      | Reached skill level 5 in Invocations
  3773 | D:8      | Reached skill level 5 in Dodging
  3787 | D:8      | Found a sand-covered staircase.
  3792 | Ossuary  | Entered an ossuary
  3821 | Ossuary  | Reached ** piety under Makhleb
  4219 | D:8      | Reached *** piety under Makhleb
  4696 | D:9      | Noticed a troll
  4710 | D:9      | Killed a troll
  4710 | D:9      | Reached XP level 10. HP: 73/92 MP: 5/7
  4734 | D:9      | Found a runed translucent gate.
  4736 | D:9      | Found a runed translucent gate.
  4748 | D:9      | Found a runed translucent gate.
  4749 | D:9      | Noticed Poecishroyz's ghost (novice TrHu)
  4749 | D:9      | Noticed Xangidu's ghost (journeyman GrEE)
  4749 | D:9      | Noticed Buagguej's ghost (novice DDFi)
  5012 | D:9      | Noticed a two-headed ogre
  5033 | D:9      | Killed a two-headed ogre
  5063 | D:9      | Found a basalt altar of Yredelemnul.
  5138 | D:9      | Found a faded altar of an unknown god.
  5138 | D:9      | Found a bloodstained altar of Trog.
  5149 | D:9      | Reached **** piety under Makhleb
  5152 | D:9      | Found a sacrificial altar of Ru.
  5162 | D:9      | Found a stormy altar of Qazlal.
  5164 | D:9      | Found a faded altar of an unknown god.
  5310 | D:10     | Entered Level 10 of the Dungeon
  5408 | D:10     | Found a shimmering altar of Xom.
  5408 | D:10     | Found a shimmering altar of Xom.
  5409 | D:10     | Found a shimmering altar of Xom.
  5410 | D:10     | Found a shimmering altar of Xom.
  5410 | D:10     | Found a shimmering altar of Xom.
  5410 | D:10     | Found a shimmering altar of Xom.
  5411 | D:10     | Found a shimmering altar of Xom.
  5450 | D:10     | Noticed a two-headed ogre
  5474 | D:10     | Killed a two-headed ogre
  5515 | D:10     | Reached XP level 11. HP: 83/100 MP: 2/2
  5916 | D:10     | Noticed Erica
  5932 | D:10     | Killed Erica
  6156 | D:10     | Noticed a red ugly thing
  6173 | D:10     | Killed a red ugly thing
  6173 | D:10     | Reached skill level 10 in Axes
  6467 | D:11     | Reached ***** piety under Makhleb
  6641 | D:11     | Reached skill level 10 in Invocations
  6755 | D:11     | Noticed Grum
  6774 | D:11     | Killed Grum
  6991 | D:11     | Found a staircase to the Lair.
  7111 | D:11     | Found a staircase to the Orcish Mines.
  7126 | Orc:1    | Entered Level 1 of the Orcish Mines
  7330 | Orc:2    | Entered Level 2 of the Orcish Mines
  7342 | Orc:2    | Noticed a two-headed ogre
  7357 | Orc:2    | HP: 3/104 [orc warrior/+0 dire flail (10)]
  7357 | Orc:2    | Slain by a two-headed ogre

Levels and vault maps discovered:
D:1:      tarquinn_simple_flora_water_a, layout_loops_ring, minmay_pentomino_o2
D:2:      layout_loops_cross, uniq_terence
D:3:      layout_basic, first_ration, roderic_lattice_a
D:4:      minmay_bubble_buster, layout_cave_pools, minmay_tree_intersection
D:5:      black_bear_nest_2, layout_rooms, portal_sewer_entry_b
D:6:      corexii_shack_village, layout_loops_ring, cheibrodos_ashenzari_chains,
          minmay_temple_entry_mini_moons, grunt_decor_clamped,
          okawaru_ov_weapons_minmay, uniq_menkaure
D:7:      layout_basic, elyvilon_altar_3, nemelex_altar_shiori,
          nicolae_overflow_hidden_temple, uniq_duvessa
D:8:      layout_basic, nicolae_ossuary_entry_catacombs
D:9:      layout_roguey, chequers_temple_overflow_minitemple,
          yredelemnul_altar_generic, gammafunk_ghost_cemetery
D:10:     layout_loops_corners, xom_redecorated, uniq_erica
D:11:     layout_gridville, grunt_lair_entry_orc_guard_hut, david_orc_4,
          uniq_grum
Temple:   eino_narrow_crystal_temple
Orc:1:    layout_diamond_mine, serial_shops, shop, nicolae_orc_bridge_out
Orc:2:    st_orc_ogre_mass, layout_caves

Skill      XL: |  1  2  3  4  5  6  7  8  9 10 11 |
---------------+----------------------------------+-----
Fighting       | 3 4 5 6 7 8 |  8.6
Axes           | 3 4 5 6 7 8 9 10 | 10.7
Dodging        | 1 2 3 4 5 6 7 |  7.3
Armour         | 4 5 6 7 8 |  8.2
Shields        | 4 5 6 7 8 |  8.2
Invocations    | 4 6 8 10 | 10.4

Action                   |  1- 3 |  4- 6 |  7- 9 | 10-12 || total
-------------------------+-------+-------+-------+-------++-------
Melee: War axe           |   100 |   100 |   347 |   586 ||  1133
       Hand axe          |       |       |   245 |       ||   245
 Abil: Heal Wounds       |     2 |     4 |    21 |    38 ||    65
  Use: Scroll            |       |       |    21 |       ||    21
  Eat: Chunk             |       |     2 |    16 |    13 ||    31
       Ration            |       |       |     1 |     3 ||     4
Armor: Scale mail        |    47 |    39 |    11 |       ||    97
       Chain mail        |       |       |    21 |       ||    21
       Plate armour      |       |       |   261 |   314 ||   575
Dodge: Dodged            |    42 |    29 |   145 |   191 ||   407
Block: Kite shield       |    61 |    53 |   370 |   423 ||   907

Table legend:
 A = Non-vault XP
 B = Vault XP
 C = Vault XP percentage of total XP
 D = Non-vault monster count
 E = Vault monster count
 F = Vault count percentage of total count
                 A         B        C        D         E       F
            +---------+---------+-------+---------+---------+-------
      Total |   16369 |    3816 |  18.9 |     237 |      88 |  27.1
            +---------+---------+-------+---------+---------+-------
        D:1 |      11 |       0 |   0.0 |       8 |       0 |   0.0
        D:2 |      19 |      36 |  65.5 |       5 |       1 |  16.7
        D:3 |      10 |       0 |   0.0 |       4 |       0 |   0.0
        D:4 |     313 |     106 |  25.3 |      15 |       8 |  34.8
        D:5 |     568 |     133 |  19.0 |      22 |       4 |  15.4
        D:6 |     776 |     187 |  19.4 |      25 |      10 |  28.6
        D:7 |     895 |     219 |  19.7 |      26 |       2 |   7.1
        D:8 |    1401 |     270 |  16.2 |      23 |       6 |  20.7
        D:9 |    3275 |       0 |   0.0 |      41 |       0 |   0.0
       D:10 |    4063 |     950 |  19.0 |      30 |       1 |   3.2
       D:11 |    4226 |    1804 |  29.9 |      30 |      25 |  45.5
      Orc:1 |     598 |       0 |   0.0 |       4 |       0 |   0.0
      Orc:2 |     214 |       0 |   0.0 |       4 |       0 |   0.0
    Ossuary |       0 |     111 | 100.0 |       0 |      31 | 100.0
            +---------+---------+-------+---------+---------+-------
